 Dungeon Crawl Stone Soup version 0.17-a0-1368-g6ab37f2 (webtiles) character file.

253 Hanyuu the Insei (level 6, 0/39 HPs)
             Began as an Octopode Transmuter on June 12, 2015.
             Killed by divine providence
             ... invoked by an orc priest
              (10 damage)
             ... on level 4 of the Dungeon.
             The game lasted 00:09:31 (4196 turns).

Hanyuu the Insei (Octopode Transmuter)              Turns: 4196, Time: 00:09:31

Health: 0/39       AC:  2    Str: 10    XL:     6   Next: 14%
Magic:  5/9        EV: 19    Int: 22    God:
Gold:   162        SH:  0    Dex: 17    Spells: 3 memorised, 3 levels left

rFire  x . .     SeeInvis .       - Unarmed
rCold  + . .     Clarity  .     (shield currently unavailable)
rNeg   + . .     SustAt   .     (helmet currently unavailable)
rPois  x         Gourm    .     q - amulet of warding
rElec  .         Spirit   .     h - +5 ring of intelligence
rCorr  .         Warding  +     k - ring of wizardry
rMut   .         Stasis   .     t - ring of ice
MR     .....                    (no ring)
Stlth  ++........               (no ring)
                                (no ring)
                                (no ring)
                                (no ring)

@: spider-form, not resistant to hostile enchantments, unstealthy
A: almost no armour, amphibious, 8 rings, (constrict 8), (camouflage 0),
(gelatinous body 0)
a: End Transformation


You were on level 4 of the Dungeon.
You were hungry.
You were a venomous arachnid creature.
You visited 1 branch of the dungeon, and saw 4 of its levels.

You collected 162 gold pieces.

Inventory:

Missiles
 a - 12 arrows
 r - 8 curare-tipped needles
 w - 6 needles of slowing
Jewellery
 h - a +5 ring of intelligence (left front leg)
 k - a ring of wizardry (right front leg)
 q - an amulet of warding (around neck)
 t - a ring of ice (on tentacle)
Scrolls
 d - a scroll of magic mapping {unknown}
 e - a scroll of random uselessness {unknown}
 f - 3 scrolls of teleportation {unknown}
 g - 4 scrolls of identify {unknown}
 j - a scroll of amnesia {unknown}
 n - a scroll of recharging {unknown}
 v - 2 scrolls of remove curse {unknown}
 y - a scroll of fog {unknown}
Potions
 i - a potion of flight {unknown}
 l - a potion of brilliance {unknown}
 m - a potion of invisibility {unknown}
 o - 4 potions of mutation {unknown}
 p - a potion of curing {unknown}
 u - a potion of agility {unknown}
 x - a potion of degeneration {unknown}
 z - a potion of might {unknown}
Books
 b - a book of Changes

   Spells                             Type                      Level
   a - Beastly Appendage              Transmutation                1
   b - Sticks to Snakes               Transmutation                2
   c - Spider Form                    Transmutation/Poison         3
   d - Ice Form                       Ice/Transmutation            4
   e - Blade Hands                    Transmutation                5
Comestibles
 c - 4 bread rations
 s - a beef jerky
 A - 3 chunks of flesh


   Skills:
 - Level 2.0 Fighting
 - Level 2.0 Dodging
 * Level 6.3 Unarmed Combat
 + Level 2.1 Spellcasting
 - Level 2.0 Transmutations


You had 3 spell levels left.
You knew the following spells:

 Your Spells              Type           Power        Failure   Level  Hunger
a - Beastly Appendage     Trmt           ##....       9%          1    #......
b - Sticks to Snakes      Trmt           ##........   10%         2    ##.....
c - Spider Form           Trmt/Pois      #.........   22%         3    ###....


Dungeon Overview and Level Annotations

Branches:
Dungeon (4/15)
 Temple: D:4-7

Altars:
Sif Muna

Annotations:
D:3 Grinder


Innate Abilities, Weirdness & Mutations

You cannot wear most types of armour.
You are amphibious.
You can wear up to eight rings at the same time.
((You can use your tentacles to constrict eight enemies at once.))
((Your skin changes colour to match your surroundings (Stealth).))
((Your rubbery body absorbs attacks (AC +1).))


Message History

An orc priest comes into view. It is wielding a club.
There is an open door here.
Casting: Spider Form
Confirm with . or Enter, or press ? or * to list all spells.
You turn into a venomous arachnid creature.
The orc priest shouts!
The orc priest invokes the aid of Beogh against you.
Pain shoots through your body!
Found a scroll labeled ONOZOA KESUESY.
An orc comes into view.
An orc comes into view. It is wielding a mace.
The orc shouts!
You are feeling hungry.
The orc priest invokes the aid of Beogh against you.
Pain shoots through your body!
* * * LOW HITPOINT WARNING * * *
You closely miss the orc priest.
The orc priest calls down the wrath of Beogh upon you.
Something smites you!
You die...

.....? . ...... o.
......
...#######......
..............
...o....... .
#o...####....
+.s..'.......
.###....###.....
........#<# ...
.......#.#)# .
........).).#
...#..............
...#..............
......#...........
....###.........


You could see an orc priest and 2 orcs.

Vanquished Creatures
  Crazy Yiuf (D:3)
  An orc priest (D:3)
  Robin (D:2)
  7 gnolls
  4 adders
  3 giant geckos
  7 orcs (D:3)
  13 goblins
  5 hobgoblins
  6 jackals (D:1)
  9 kobolds
  7 bats
  7 giant cockroaches
  4 giant newts
  10 rats
85 creatures vanquished.

Notes
Turn   | Place    | Note
--------------------------------------------------------------
     0 | D:1      | Hanyuu the Octopode Transmuter began the quest for the Orb.
     0 | D:1      | Reached XP level 1. HP: 13/13 MP: 3/3
   699 | D:1      | Reached XP level 2. HP: 15/18 MP: 5/5
  1097 | D:1      | Reached skill level 4 in Unarmed Combat
  1361 | D:1      | Reached XP level 3. HP: 20/23 MP: 6/6
  1365 | D:1      | Learned a level 2 spell: Sticks to Snakes
  1369 | D:1      | Learned a level 3 spell: Spider Form
  1607 | D:2      | Noticed Robin
  1621 | D:2      | Killed Robin
  1843 | D:2      | Reached XP level 4. HP: 28/28 MP: 3/7
  1848 | D:2      | Reached skill level 5 in Unarmed Combat
  2717 | D:2      | Found a deep blue altar of Sif Muna.
  2891 | D:2      | Reached XP level 5. HP: 33/33 MP: 6/8
  3295 | D:3      | Noticed Grinder
  3414 | D:3      | Found a faded altar to an unknown god.
  3435 | D:3      | Reached skill level 6 in Unarmed Combat
  3570 | D:3      | Noticed Crazy Yiuf
  3578 | D:3      | Killed Crazy Yiuf
  3883 | D:4      | Reached XP level 6. HP: 34/39 MP: 5/9
  4196 | D:4      | Killed from afar by an orc priest

Vault maps used:
D:1:      dpeg_arrival_court, grunt_decor_one_mirror
D:2:      lemuel_blue_sif_altar, first_bread, uniq_robin
D:3:      ecumenical_altar_1, uniq_crazy_yiuf_cottage, uniq_grinder
D:4:      grunt_qazlal_clouds, minmay_strange_pillars, dk_noncrumbling_4

Action                   |  1- 3 |  4- 6 || total
-------------------------+-------+-------++-------
Melee: Unarmed           |    93 |   107 ||   200
 Cast: Beastly Appendage |     6 |     2 ||     8
       Spider Form       |     3 |     7 ||    10
 Stab: Sleeping          |     1 |     5 ||     6
       Distracted        |       |     2 ||     2
  Eat: Chunk             |     3 |     8 ||    11
